 Dungeon Crawl Stone Soup version 0.26.0-10-g1f06aea511 (webtiles) character file.

Game seed: 16221880050986676996

305 Borgoz the Covered (level 6, -1/52 HPs)
             Began as a Ghoul Fighter on Jan 14, 2021.
             Slain by an adder (2 damage)
             ... on level 3 of the Dungeon.
             The game lasted 00:03:04 (2523 turns).

Borgoz the Covered (Ghoul Fighter)                  Turns: 2523, Time: 00:03:05

Health: -1/52      AC:  8    Str: 18 (20) XL:     6   Next: 39%
Magic:  5/5        EV:  7    Int:  3      God:
Gold:   127        SH:  9    Dex: 10      Spells: 5/5 levels left

rFire    + . .     SeeInvis .   a - +0 long sword
rCold    + + .     Faith    .   c - +0 kite shield
rNeg     + + +     Spirit   .   b - +0 scale mail
rPois    ∞         Reflect  .   (no helmet)
rElec    +         Harm     .   (no cloak)
rCorr    +         Rampage  .   (no gloves)
Will     .....                  p - +0 pair of boots (curse)
Stlth    ..........             (no amulet)
HPRegen  0.00/turn              (no ring)
MPRegen  0.09/turn              (no ring)

@: mighty, brilliant, resistant, slowed, very slow
A: claws 1, cold resistance 1, negative energy resistance 3, inhibited
regeneration, torment resistance, unbreathing
a: no special abilities


You were on level 3 of the Dungeon.
You visited 1 branch of the dungeon, and saw 3 of its levels.

You collected 127 gold pieces.

Inventory:

Hand Weapons
 a - a +0 long sword (weapon)
 o - a +2 short sword of speed
Armour
 b - a +0 scale mail (worn)
 c - a +0 kite shield (worn)
 g - a +1 pair of boots
 p - a cursed +0 pair of boots (worn)
Jewellery
 t - an uncursed ring of flight {unknown}
Scrolls
 e - 6 scrolls of identify {unknown}
 f - 2 scrolls of enchant weapon {unknown}
 i - 2 scrolls of amnesia {unknown}
 j - a scroll of fog {unknown}
 l - a scroll of fear {unknown}
 q - 2 scrolls of teleportation {unknown}
 s - a scroll of remove curse {unknown}
Potions
 d - a potion of might
 k - a potion of degeneration {unknown}
 n - a potion of mutation
 r - 2 potions of brilliance
 u - a potion of magic {unknown}


   Skills:
 + Level 4.2 Fighting
 * Level 3.6 Long Blades
 * Level 4.3 Armour
 + Level 3.4 Shields


You had 5 spell levels left.
You didn't know any spells.
Your spell library was empty.

Dungeon Overview and Level Annotations

Branches:
Dungeon (3/15)

Altars:
Trog


Innate Abilities, Weirdness & Mutations

You thrive by killing the living.
You are immune to poison.
You have sharp fingernails.
Your flesh is cold resistant. (rC+)
You are immune to negative energy. (rN+++)
You do not regenerate when monsters are visible.
You are immune to unholy pain and torment.
You can survive without breathing.


Message History

The orc wizard hits you with a +0 dagger.
* * * LOW HITPOINT WARNING * * *
You miss the adder.
The adder is almost dead.
The adder bites you but does no damage.
The orc wizard gestures at you while chanting.
The magic dart hits you but does no damage.
The adder barely misses you. The orc wizard casts a spell at you.
The magic dart hits you.
* * * LOW HITPOINT WARNING * * *
The adder barely misses you.
You riposte.
You miss the adder.
The adder is almost dead.
You block the orc wizard's attack.
Okay, then.
It was a potion of resistance.
You feel protected.
The orc wizard hits you but does no damage.
The adder bites you.
You die...

.. # .# .##. .#
.....#######.#
.##...†)...#.### #
........)..#.(.#.#
.###..)S@.(.# ...#
##.###o#)#....# #.
#.<(.....# .
####....... ..
..##... .# ...( ..
#. ....# ....#
.....


You could see an orc wizard (fast) and an adder.

Vanquished Creatures
  An ogre (D:3)
  A centaur (D:2)
  An orc priest (D:3)
  An orc wizard (D:3)
  An adder (D:3)
  2 worms (D:2)
  4 dart slugs
  A leopard gecko (D:2)
  4 orcs (D:3)
  2 giant cockroaches (D:2)
  7 goblins
  2 hobgoblins (D:2)
  3 jackals
  8 bats
  5 frilled lizards
  6 kobolds
  6 rats
55 creatures vanquished.

Notes
Turn   | Place    | Note
-------+----------+-------------------------------------------
     0 | D:1      | Borgoz the Ghoul Fighter began the quest for the Orb.
     0 | D:1      | Reached XP level 1. HP: 19/19 MP: 0/0
   167 | D:1      | Reached XP level 2. HP: 26/26 MP: 1/1
  1255 | D:2      | Reached XP level 3. HP: 31/31 MP: 2/2
  1354 | D:2      | Found a bloodstained altar of Trog.
  1932 | D:3      | Noticed a centaur
  1933 | D:3      | Noticed an ogre
  1989 | D:2      | Reached XP level 4. HP: 5/39 MP: 3/3
  2275 | D:2      | Killed a centaur
  2276 | D:2      | Reached XP level 5. HP: 16/46 MP: 4/4
  2487 | D:3      | Killed an ogre
  2488 | D:3      | Reached XP level 6. HP: 50/52 MP: 5/5
  2504 | D:3      | HP: 2/52 [orc/cursed -3 war axe (6)]
  2522 | D:3      | HP: 1/52 [orc wizard/magic dart (3)]
  2523 | D:3      | Slain by an adder

Illustrated notes

Levels and vault maps discovered:
D:1:      dpeg_arrival_water_temple_mockup, layout_basic
D:2:      layout_loops_ring, bloody_trog, kennysheep_big_empty_room
D:3:      layout_rooms

Skill      XL: |  1  2  3  4  5 |
---------------+----------------+-----
Long Blades    | 2 3 |  3.6
Armour         | 3 4 |  4.3
Shields        | 3 |  3.4
Fighting       | 4 |  4.2

Action                   |  1- 3 |  4- 6 || total
-------------------------+-------+-------++-------
Melee: Long sword        |   151 |    36 ||   187
Throw: Throwing net      |     1 |     3 ||     4
  Use: Potion            |       |     6 ||     6
 Stab: Held in net/web   |     1 |     1 ||     2
Armor: Scale mail        |    77 |    37 ||   114
Dodge: Dodged            |    48 |    28 ||    76
Block: Kite shield       |    80 |    45 ||   125
       Rpst.: Long sword |    13 |     8 ||    21
